 Dungeon Crawl Stone Soup version 0.30.1-3-gfc49f6343a (webtiles) character file.

Game seed: 5548431097800602669

178 Heoruswealwe the Conjurer (level 5, -2/26 (28) HPs)
             Began as a Deep Elf Conjurer on July 24, 2023.
             Slain by a wight
             ... wielding a +2 spear
              (3 damage)
             ... on level 4 of the Dungeon.
             The game lasted 00:22:33 (2418 turns).

Heoruswealwe the Conjurer (Deep Elf Conjurer)       Turns: 2418, Time: 00:22:33

HP:   -2/26 (28)    AC:  2    Str:  4    XL:     5   Next: 32%
MP:   5/15          EV: 12    Int: 25    God:
Gold: 129           SH:  0    Dex: 13    Spells: 5/15 levels left

rFire   . . .        b - +1 dagger (flame)
rCold   . . .        (no shield)
rNeg    . . .        c - +0 robe
rPois   .            (no helmet)
rElec   .            (no cloak)
rCorr   .            (no gloves)
SInv    .            (no boots)
Will    .....        (no amulet)
Stlth   ++           k - ring of wizardry
HPRegen 0.24/turn    (no ring)
MPRegen 0.14/turn

%: wizardry (x1)
@: drained
A: no striking features
a: no special abilities


You were on level 4 of the Dungeon.
You visited 1 branch of the dungeon, and saw 4 of its levels.

You collected 129 gold pieces.

Inventory:

Hand Weapons
 b - a +1 dagger of flaming (weapon)
Armour
 c - a +0 robe (worn)
 h - a scarf of invisibility
 q - a +0 robe
Jewellery
 k - a ring of wizardry (left hand)
Scrolls
 a - a scroll of teleportation {unknown}
 f - 2 scrolls of magic mapping {unknown}
 g - a scroll of vulnerability {unknown}
 i - 2 scrolls of identify {unknown}
Potions
 d - a potion of brilliance {unknown}
 e - a potion of degeneration {unknown}
 j - 2 potions of curing
 l - a potion of magic
 m - a potion of berserk rage {unknown}
 n - 2 potions of cancellation {unknown}
 o - a potion of might {unknown}
 p - a potion of flight {unknown}


   Skills:
 - Level 2.4 Dodging
 - Level 2.4 Stealth
 + Level 5.7 Spellcasting
 + Level 6.0 Conjurations


You had 5 spell levels left.
You knew the following spells:

 Your Spells              Type           Power      Damage    Failure   Level
a - Magic Dart            Conj           100%       1d8       1%          1
b - Searing Ray           Conj           74%        2d7       1%          2
c - Dazzling Flash        Conj/Hex       44%        N/A       2%          3
d - Fulminant Prism       Conj/Hex       11%        3d8       9%          4

Your spell library contained the following spells:

 Spells                   Type           Power      Damage    Failure   Level
 Iskenderun's Mystic Bla  Conj/Tloc      22%        2d6       9%          4


Dungeon Overview and Level Annotations

Branches:
Dungeon (4/15)
 Temple: D:4-7

Altars:
Gozag
Trog
Zin

Annotations:
D:4 Sigmund


Message History

Aim: a wight, wielding a +4 battleaxe and wearing a +0 robe (wandering, hasn't noticed you, 81% to hit)
The searing ray hits the wight.
The wight is lightly damaged. (Press . to maintain the ray.)
A wight comes into view. It is wielding a +2 spear.
Casting: Searing Ray (safe; 1% risk of failure)
Confirm with . or Enter, or press ? or * to list all spells.
Restarting spell: Searing Ray (safe; 1% risk of failure)
Press: ? - help, Shift-Dir - straight line, f - wight, p - wight
Aim: a wight, wielding a +2 spear and wearing a +0 robe (81% to hit)
The searing ray hits the wight.
The wight is heavily damaged.
The searing ray hits the wight.
The wight is moderately damaged. (Press . to maintain the ray.)
The searing ray hits the wight.
The wight is heavily damaged.
The searing ray hits the wight but does no damage.
The searing ray hits the wight!
You destroy the wight!
The searing ray hits the wight but does no damage.
Your Conjurations skill increases to level 6!
You have reached level 5!
There is a stone staircase leading up here.
Sigmund the Dreaded comes into view.
He is wielding a +0 scythe.
Sigmund shouts!
Sigmund casts a spell.
Sigmund flickers and vanishes!
Deactivating autopickup; reactivate with Ctrl-A.
You are confused.
The wight barely misses you. The wight hits you with a +4 flail!
Ouch! That really hurt!
The wight misses you. Something hits you.
It was a potion of curing.
You feel better. The wight hits you with a +4 flail!
* * * LOW HITPOINT WARNING * * *
You feel drained.
* * * LOW HITPOINT WARNING * * *
The wight hits you from afar with a +2 spear.
You die...

#........#
...
#.......)# .
..
#+####..##
.# #
##..##..#
#.........
#.........
#...##....
###z..##....
#@z{...# ...
#......+ ..
########


You could see 2 wights.

Vanquished Creatures
  2 wights (D:4)
  2 adders (D:3)
  A worm (D:2)
  A dart slug (D:1)
  4 endoplasms
  2 giant cockroaches (D:1)
  7 hobgoblins
  8 jackals
  3 quokkas
  2 ball pythons
  4 bats
  6 frilled lizards
  4 goblins
  4 kobolds
  6 rats
56 creatures vanquished.

Notes
Turn   | Place    | Note
-------+----------+-------------------------------------------
     0 | D:1      | Heoruswealwe the Deep Elf Conjurer began the quest for the
                  | Orb.
     0 | D:1      | Reached XP level 1. HP: 10/10 MP: 6/6
   174 | D:1      | Reached XP level 2. HP: 15/15 MP: 2/8
   323 | D:1      | Learned a level 2 spell: Searing Ray
   845 | D:2      | Reached skill level 5 in Conjurations
   845 | D:2      | Reached XP level 3. HP: 19/19 MP: 4/10
   849 | D:2      | Learned a level 3 spell: Dazzling Flash
  2033 | D:3      | Found an opulent altar of Gozag.
  2033 | D:3      | Found a glowing silver altar of Zin.
  2172 | D:3      | Reached XP level 4. HP: 24/24 MP: 5/12
  2177 | D:3      | Learned a level 4 spell: Fulminant Prism
  2274 | D:3      | Found a bloodstained altar of Trog.
  2393 | D:4      | Reached skill level 5 in Spellcasting
  2398 | D:4      | Reached skill level 6 in Conjurations
  2398 | D:4      | Reached XP level 5. HP: 28/28 MP: 2/15
  2407 | D:4      | Noticed Sigmund
  2418 | D:4      | HP: 1/26 [wight/+4 flail (2)]
  2418 | D:4      | Slain by a wight

Illustrated notes

Levels and vault maps discovered:
D:1:      ncdulo_smallfort, layout_basic, kennysheep_crisscross
D:2:      layout_basic, chequers_serial_rivers_small_b, minivault_19
D:3:      layout_loops_ring, grunt_temple_overflow_gold_and_silver,
          general_overflow_altar, minmay_misc_feat_plants
D:4:      layout_gridville, mainiacjoe_overflow_alcove_4,
          minmay_temple_entry_butterflies, chequers_hall_statues_wall_a,
          uniq_sigmund

Skill      XL: |  1  2  3  4 |
---------------+-------------+-----
Spellcasting   | 4 5 |  5.7
Conjurations   | 5 6 |  6.0
Dodging        | |  2.4
Stealth        | |  2.4

Action                     |  1- 3 |  4- 6 || total
---------------------------+-------+-------++-------
  Melee: Dagger            |     9 |       ||     9
         Punch             |     1 |       ||     1
   Cast: Magic Dart        |    97 |     5 ||   102
         Searing Ray       |       |     3 ||     3
    Use: Potion            |       |     1 ||     1
 Armour: Robe              |     5 |       ||     5
  Dodge: Dodged            |    26 |     4 ||    30
